 Dungeon Crawl Stone Soup version 0.29-a0-1027-gcd8c55af63 (webtiles) character file.

Game seed: 7602865086284461626

996 27heaven the Gusty (level 8, -2/80 HPs)
             Began as an Ogre Air Elementalist on Aug 12, 2022.
             Slain by a hornet (14 damage)
             ... while paralysed by a hornet
             ... on level 3 of the Dungeon.
             The game lasted 00:15:46 (6895 turns).

27heaven the Gusty (Ogre Air Elementalist)          Turns: 6895, Time: 00:15:46

Health: -2/80      AC:  4    Str: 13    XL:     8   Next: 19%
Magic:  3/15       EV:  1    Int: 18    God:
Gold:   189        SH:  0    Dex:  9    Spells: 9/17 levels left

rFire   . . .      SeeInvis .   w - +1 dagger (venom)
rCold   . . .      Faith    .   (no shield)
rNeg    + . .      Spirit   .   a - +1 robe
rPois   .          Reflect  .   (helmet restricted)
rElec   .          Harm     .   (no cloak)
rCorr   .          Rampage  .   (gloves unavailable)
Will    .....                   (boots unavailable)
Stlth   +.........              f - amulet of regeneration
HPRegen 1.03/turn               j - ring of positive energy
MPRegen 0.14/turn               (no ring)

@: paralysed, lethally poisoned (-2 -> -16), sluggish, hasted and slowed, very
slow
A: large, unfitting armour, tough skin 1
a: no special abilities


You were on level 3 of the Dungeon.
You visited 1 branch of the dungeon, and saw 4 of its levels.
You also visited: Sewer.

You collected 189 gold pieces.

Inventory:

Hand Weapons
 w - a +1 dagger of venom (weapon)
Armour
 a - a +1 robe (worn)
Jewellery
 f - an amulet of regeneration (around neck)
 j - a ring of positive energy (left hand)
 y - a +4 ring of evasion
Scrolls
 d - a scroll of acquirement
 e - 3 scrolls of blinking
 g - 4 scrolls of noise
 l - 2 scrolls of teleportation
 p - a scroll of fog {unknown}
 t - a scroll of magic mapping {unknown}
 u - a scroll of summoning
 v - a scroll of identify
 x - a scroll of enchant weapon {unknown}
 z - a scroll of immolation {unknown}
Potions
 b - a potion of magic
 c - a potion of haste
 h - 2 potions of berserk rage {unknown}
 i - a potion of flight {unknown}
 k - 3 potions of heal wounds {unknown}
 m - 2 potions of degeneration {unknown}
 n - a potion of brilliance {unknown}
 o - a potion of ambrosia {unknown}
 q - a potion of resistance {unknown}
 r - 4 potions of curing
 s - a potion of lignification {unknown}


   Skills:
 + Level 5.1 Fighting
 + Level 4.1 Dodging
 - Level 1.4 Stealth
 + Level 5.1 Spellcasting
 - Level 2.0 Conjurations
 * Level 5.5 Air Magic


You had 9 spell levels left.
You knew the following spells:

 Your Spells              Type           Power      Damage    Failure   Level
a - Shock                 Conj/Air       72%        1d7       2%          1
b - Swiftness             Air            24%        N/A       4%          3
c - Airstrike             Air            12%        2d(2-18)  13%         4

Your spell library contained the following spells:

 Spells                   Type           Power      Damage    Failure   Level
 Static Discharge         Conj/Air       18%        3-6/arc   4%          2
 Chain Lightning          Conj/Air       9%         3d12      100%        9
 Fire Storm               Conj/Fire      4%         8d1       100%        9
 Shatter                  Erth           2%         3d6*      100%        9


Dungeon Overview and Level Annotations

Branches:
Dungeon (4/15)              Sewer (visited)
 Temple: D:4-7

Altars:

Shops:
D:2 ?

Annotations:
D:4 4 runed translucent doors


Innate Abilities, Weirdness & Mutations

You are too large for most types of armour.
You have tough skin. (AC +1)


Message History

The hornet stings you!
You are poisoned.
You feel as though you will be slow longer.
Casting: Swiftness (mildly dangerous; 4% risk of failure)
Confirm with . or Enter, or press ? or * to list all spells.
Okay, then.
You closely miss the hornet.
The hornet is heavily wounded.
You start to feel a little slower.
You feel very sick. The hornet stings you!
You are more poisoned.
You feel as though you will be slow longer.
The hornet stings you but does no damage.
You feel yourself speed up.
You feel very sick. The hornet closely misses you. x2
You feel sick.
You feel sick.
You feel sick.
You feel yourself speed up.
You feel sick.
You feel sick.
You feel sluggish.
You feel sick.
Okay, then.
Casting: Swiftness (mildly dangerous; 4% risk of failure)
Confirm with . or Enter, or press ? or * to list all spells.
Okay, then.
Unknown command.
It was a potion of curing.
You feel better. The hornet stings you!
* * * LOW HITPOINT WARNING * * *
You are poisoned.
You suddenly lose the ability to move!
You feel very sick. The hornet stings you.
* * * LOW HITPOINT WARNING * * *
You are lethally poisoned!
You feel yourself slow down. The hornet stings you!
You die...

############# #..)........#
###########.#########.#
#.............# #.# ######
#.#######.....#######.# #.....
#.#...##..............######.....
#w#<.....>.....y@.....##.........
#.#)..##.....................<...
#.##.####.....#.####.............
#.##.# ##...##.# #..##.###.....
#.##.# ##.###.####..##.# ###...
#)##.# #...........##.# #.##
..##.# #####.###..###.# #.#
####.# ##.## ##.###.# #.## #.#
####.## ##.##.## #...


You could see a hornet.

Vanquished Creatures
  3 phantoms
  8 kobold brigands (Sewer)
  4 adders
  An ufetubus (D:3)
  6 worms
  6 dart slugs
  10 orcs
  8 endoplasms
  5 giant cockroaches
  8 goblins
  8 hobgoblins
  6 kobolds
  4 quokkas
  16 ball pythons
  8 bats
  3 frilled lizards
  8 rats
112 creatures vanquished.

Vanquished Creatures (collateral kills)
  A hound (D:3)
  A bat (D:3)
  A goblin (D:3)
  A quokka (D:3)
4 creatures vanquished.

Grand Total: 116 creatures vanquished

Notes
Turn   | Place    | Note
-------+----------+-------------------------------------------
     0 | D:1      | 27heaven the Ogre Air Elementalist began the quest for the
                  | Orb.
     0 | D:1      | Reached XP level 1. HP: 16/16 MP: 3/3
    24 | D:1      | Reached skill level 1 in Conjurations
   426 | D:1      | Reached XP level 2. HP: 26/26 MP: 2/5
   841 | D:1      | Reached skill level 1 in Fighting
  1076 | D:1      | Reached XP level 3. HP: 33/33 MP: 1/7
  1225 | D:1      | Learned a level 3 spell: Swiftness
  1741 | D:2      | Identified the +4 chain mail of the Beggar {*Corrode Fly
                  | rElec Str+7}
  1799 | D:2      | Found Ubeekk's Magic Scroll Shop.
  2457 | D:2      | Reached XP level 4. HP: 29/42 MP: 2/8
  3283 | D:3      | Identified a scroll of acquirement
  3388 | D:3      | Reached XP level 5. HP: 15/49 MP: 0/9
  3427 | D:3      | Found a glowing drain.
  3469 | Sewer    | Entered a sewer
  3665 | Sewer    | Noticed a kobold brigand
  3680 | Sewer    | Killed a kobold brigand
  3762 | Sewer    | Learned a level 4 spell: Airstrike
  3782 | Sewer    | Noticed a kobold brigand
  3799 | Sewer    | Killed a kobold brigand
  3800 | Sewer    | Reached XP level 6. HP: 60/61 MP: 4/11
  4351 | Sewer    | Reached XP level 7. HP: 67/70 MP: 3/13
  4754 | Sewer    | Reached skill level 5 in Air Magic
  5605 | D:4      | Reached skill level 5 in Fighting
  5605 | D:4      | Reached skill level 5 in Spellcasting
  5605 | D:4      | Reached XP level 8. HP: 67/80 MP: 3/15
  5793 | D:4      | Found a large runed translucent door.
  5794 | D:4      | Found a large runed translucent door.
  6208 | D:4      | Found a large runed translucent door.
  6209 | D:4      | Found a large runed translucent door.
  6850 | D:4      | Identified the +6 long sword of Bingeqywk {freeze, Str+4
                  | Dex-3 Stlth+}
  6871 | D:4      | Noticed a hornet
  6894 | D:3      | Paralysed by a hornet for 3 turns
  6895 | D:3      | Slain by a hornet

Illustrated notes

Levels and vault maps discovered:
D:1:      dpeg_arrival_central, layout_basic, chequers_jeans
D:2:      layout_basic, serial_shops, shop
D:3:      layout_loops_ring, portal_sewer_entry_f,
          minmay_fractal_squares_diagonal_5
D:4:      layout_loops_ring, minmay_hollow_rounded_squares

Skill      XL: |  1  2  3  4  5  6  7  8 |
---------------+-------------------------+-----
Conjurations   | 1 2 |  2.0
Dodging        | 2 3 4 |  4.1
Fighting       | 1 2 3 4 5 |  5.1
Air Magic      | 3 4 5 |  5.5
Spellcasting   | 3 4 5 |  5.1
Stealth        | |  1.4

Action                   |  1- 3 |  4- 6 |  7- 9 || total
-------------------------+-------+-------+-------++-------
Melee: Unarmed           |    23 |    29 |       ||    52
       Dagger            |       |       |     3 ||     3
 Fire: Sling             |     2 |       |       ||     2
 Cast: Shock             |   104 |   128 |   120 ||   352
       Airstrike         |       |       |     3 ||     3
       Swiftness         |       |       |     2 ||     2
  Use: Scroll            |       |     9 |     1 ||    10
       Potion            |       |       |     2 ||     2
Armor: Robe              |    12 |    46 |    15 ||    73
Dodge: Dodged            |    19 |    55 |    33 ||   107

Table legend: (Time is in decaauts)
 A = Elapsed time spent in this place.
 B = Non-inter-level travel time spent in this place.
 C = Inter-level travel time spent in this place.
 D = Time resting spent in this place.
 E = Time spent auto-exploring this place.
 F = Levels seen in this place.
 G = Mean time per level.
                   A        B        C        D        E       F      G
               +--------+--------+--------+--------+--------+-----+--------+
         Total |   7061 |   6995 |     66 |    667 |   4897 |   5 | 1412.2 |
       Dungeon |   5390 |   5324 |     66 |    335 |   3801 |   4 | 1347.5 |
         Sewer |   1670 |   1670 |      0 |    332 |   1095 |   1 | 1670.0 |
               +--------+--------+--------+--------+--------+-----+--------+

Top non-repeatable levels by time:
   Sewer: 1670 daAuts
     D:1: 1601 daAuts
     D:2: 1423 daAuts
     D:3: 1204 daAuts
     D:4: 1160 daAuts
